 Dungeon Crawl Stone Soup version 0.32-a0-818-gb728d0252e (webtiles) character file.

Game seed: 6220111601436288823

47 Lanoc the Shooter (level 3, 0/28 HPs)
             Began as a Coglin Hunter on Mar 24, 2024.
             Slain by a goblin
             ... wielding a +2 vampiric dagger
             ... led by Robin
              (2 damage)
             ... on level 2 of the Dungeon.
             The game lasted 00:01:04 (739 turns).

Lanoc the Shooter (Coglin Hunter)                    Turns: 739, Time: 00:01:04

Health: 0/28       AC:  3    Str: 11    XL:     3   Next: 70%
Magic:  3/3        EV: 11    Int:  8    God:
Gold:   45         SH:  0    Dex: 19    Spells: 2/2 levels left

rFire   . . .        a - +2 sling {Xiuying}
rCold   . . .        d - +0 sling {Mai}
rNeg    . . .        c - +0 leather armour
rPois   .            (no helmet)
rElec   .            (no cloak)
rCorr   .            (no gloves)
SInv    .            (no boots)
Will    .....        (amulet unavailable)
Stlth   ++           (ring unavailable)
HPRegen 0.24/turn    (ring unavailable)
MPRegen 0.08/turn    (no gizmo)

%: no passive effects
@: revved
A: off-hand wielding, slow wielding, warmup strikes, no jewellery
a: Invent Gizmo


You were on level 2 of the Dungeon.
You visited 1 branch of the dungeon, and saw 2 of its levels.

You collected 45 gold pieces.

Inventory:

Hand Weapons
 a - a +2 sling (weapon) {Xiuying}
 d - a +0 sling (offhand) {Mai}
Armour
 c - a +0 leather armour (worn)
Scrolls
 b - a scroll of butterflies
 g - 2 scrolls of teleportation {unknown}
 h - a scroll of identify {unknown}
 i - a scroll of immolation {unknown}
 j - a scroll of fog {unknown}
 k - a scroll of noise {unknown}
Potions
 e - 3 potions of heal wounds {unknown}
 f - a potion of might {unknown}


   Skills:
 + Level 2.5 Fighting
 * Level 4.2 Ranged Weapons
 + Level 2.3 Dodging
 - Level 0.7 Stealth


You had 2 spell levels left.
You didn't know any spells.
Your spell library was empty.

Dungeon Overview and Level Annotations

Branches:
Dungeon (2/15)

Altars:

Annotations:
D:2 Robin


Innate Abilities, Weirdness & Mutations

You can wield a second weapon in your off-hand.
It takes a long time for you to wield or remove held weapons.
Your first few attacks do less damage.
You cannot equip rings or amulets.


Message History

You shoot a sling bullet.
The sling bullet barely misses the goblin.
The goblin hits you with a +0 dagger. The goblin hits you but does no damage.
Fire: a) +2 sling {Xiuying}
Press: ? - help, Q - select action Shift-Dir - straight line, f/p - goblin
Aim: a goblin, wielding a +0 dagger (strong, 58% to hit)
You shoot a sling bullet.
The sling bullet barely misses the goblin.
The sling bullet closely misses the goblin.
You shoot a sling bullet.
The sling bullet hits the goblin but does no damage.
The goblin hits you but does no damage.
Robin hits you from afar with a +0 trident.
* * * LOW HITPOINT WARNING * * *
Fire: a) +2 sling {Xiuying}
Press: ? - help, Q - select action Shift-Dir - straight line, f/p - goblin
Aim: a goblin, wielding a +0 dagger (strong, 58% to hit)
You shoot a sling bullet. The sling bullet hits the goblin.
You kill the goblin!
You shoot a sling bullet.
The sling bullet closely misses the goblin.
Robin hits you from afar with a +0 trident.
* * * LOW HITPOINT WARNING * * *
Fire: a) +2 sling {Xiuying}
Press: ? - help, Q - select action Shift-Dir - straight line, f - goblin
Aim: a goblin, wielding a +2 vampiric dagger (strong, 58% to hit)
You shoot a sling bullet.
The sling bullet hits the goblin but does no damage.
You shoot a sling bullet.
The sling bullet closely misses the goblin.
The goblin barely misses you. Robin throws the goblin at you!
Fire: a) +2 sling {Xiuying}
Press: ? - help, Q - select action Shift-Dir - straight line, f/p - goblin
Aim: a goblin, wielding a +2 vampiric dagger (strong, 58% to hit)
You shoot a sling bullet.
The sling bullet barely misses the goblin.
You shoot a sling bullet.
The sling bullet hits the goblin but does no damage.
The goblin hits you with a +2 vampiric dagger.
You die...

... ...### ..#..
..#.# #. #.#g# ...#
#.#@# #....##.#)#
........g.#
.###.#.### ###+#)##
#....).#
#....g.###########
#.................
.............g......


You could see Robin and a goblin (strong).

Vanquished Creatures
  3 ball pythons (D:1)
  6 endoplasms (D:1)
  3 giant cockroaches (D:1)
  10 goblins
  6 hobgoblins
  4 bats (D:1)
  3 frilled lizards (D:1)
  A kobold (D:1)
  4 rats (D:1)
40 creatures vanquished.

Notes
Turn   | Place    | Note
-------+----------+-------------------------------------------
     0 | D:1      | Lanoc the Coglin Hunter began the quest for the Orb.
     0 | D:1      | Reached XP level 1. HP: 16/16 MP: 1/1
    42 | D:1      | Reached XP level 2. HP: 22/22 MP: 2/2
   243 | D:1      | Reached skill level 4 in Ranged Weapons
   321 | D:1      | Reached XP level 3. HP: 27/28 MP: 3/3
   716 | D:2      | Noticed Robin
   737 | D:2      | HP: 1/28 [Robin/+0 trident (5)]
   739 | D:2      | Slain by a goblin

Illustrated notes

Levels and vault maps discovered:
D:1:      nzn_arrival_crosshair, layout_basic, st_stairs_10
D:2:      layout_basic, uniq_robin

Skill      XL: |  1  2 |
---------------+-------+-----
Dodging        | 2 |  2.3
Ranged Weapons | 4 |  4.2
Fighting       | |  2.5
Stealth        | |  0.7

Action                     || total
---------------------------++-------
   Fire: Sling             ||   138
 Armour: Leather armour    ||    21
  Dodge: Dodged            ||    13

Table legend: (Time is in decaauts)
 A = Elapsed time spent in this place.
 B = Non-inter-level travel time spent in this place.
 C = Inter-level travel time spent in this place.
 D = Time resting spent in this place.
 E = Time spent auto-exploring this place.
 F = Levels seen in this place.
 G = Mean time per level.
                   A        B        C        D        E       F      G
               +--------+--------+--------+--------+--------+-----+--------+
         Total |    755 |    743 |     12 |      0 |    602 |   2 |  377.5 |
       Dungeon |    755 |    743 |     12 |      0 |    602 |   2 |  377.5 |
               +--------+--------+--------+--------+--------+-----+--------+

Top non-repeatable levels by time:
     D:1: 729 daAuts
     D:2: 25 daAuts
